 Dungeon Crawl Stone Soup version 0.31-a0-731-ga75f04deac (webtiles) character file.

Game seed: 4120002040449782464

265 Ijustatesigmund the Magician (level 5, -7/29 HPs)
             Began as a Deep Elf Fire Elementalist on Sept 12, 2023.
             Shot with an arrow by a centaur (10 damage)
             ... on level 3 of the Dungeon.
             The game lasted 00:05:54 (3563 turns).

Ijustatesigmund the Magician (DEFE)                 Turns: 3563, Time: 00:05:55

Health: -7/29      AC:  3    Str:  5    XL:     5   Next: 99%
Magic:  6/14       EV: 13    Int: 22    God:
Gold:   79         SH:  0    Dex: 15    Spells: 6/13 levels left

rFire   + . .        f - staff of fire
rCold   + . .        (no shield)
rNeg    . . .        a - +0 robe
rPois   .            (no helmet)
rElec   .            (no cloak)
rCorr   .            l - +0 pair of gloves
SInv    .            (no boots)
Will    .....        (no amulet)
Stlth   ++           e - ring of protection from cold
HPRegen 0.24/turn    (no ring)
MPRegen 0.14/turn

%: no passive effects
@: no status effects
A: no striking features
a: no special abilities


You were on level 3 of the Dungeon.
You visited 1 branch of the dungeon, and saw 3 of its levels.

You collected 127 gold pieces.
You spent 48 gold pieces at shops.

Inventory:

Hand Weapons
 d - a +0 dagger of flaming
Armour
 a - a +0 robe (worn)
 l - a +0 pair of gloves (worn)
 p - the +3 ring mail of the Pits of Slime {Regen+ rCorr Str+4}
   (You found it on level 3 of the Dungeon)

   Str+4:     It affects your strength (+4).
   Regen+:    It increases your rate of health regeneration.
   rCorr:     It protects you from acid and corrosion.
Magical Staves
 f - a staff of fire (weapon)
Jewellery
 e - a ring of protection from cold (left hand)
Wands
 i - a wand of roots (8)
Scrolls
 h - 2 scrolls of teleportation
 m - 2 scrolls of fog
 q - a scroll of fear
Potions
 b - 2 potions of magic
 c - 2 potions of brilliance {unknown}
 g - 2 potions of curing {unknown}
 j - a potion of degeneration {unknown}
 o - a potion of invisibility {unknown}


   Skills:
 - Level 1.6 Fighting
 - Level 1.6 Staves
 + Level 3.0 Dodging
 - Level 2.4 Stealth
 + Level 4.7 Spellcasting
 + Level 3.1 Conjurations
 + Level 4.5 Fire Magic


You had 6 spell levels left.
You knew the following spells:

 Your Spells              Type           Power      Damage    Failure   Level
a - Foxfire               Conj/Fire      100%       2x1d9     2%          1
b - Scorch                Fire           74%        2d8       2%          2
c - Flame Wave            Conj/Fire      33%        2d10      22%         4

Your spell library contained the following spells:

 Spells                   Type           Power      Damage    Failure   Level
 Inner Flame              Hex/Fire       22%        N/A       12%         3
 Volatile Blastmotes      Fire/Tloc      44%        2d13      12%         3
 Dazzling Flash           Conj/Hex       24%        N/A       16%         3
 Starburst                Conj/Fire      16%        6d6       97%         6
 Maxwell's Capacitive Co  Air            2%         ∞         100%        8


Dungeon Overview and Level Annotations

Branches:
Dungeon (3/15)

Altars:
Kikubaaqudgha

Shops:
D:3 *(*=


Message History

There is an entrance to Sinnecoi's Jewellery Emporium here.
You can access your shopping list by pressing '$'.
A centaur comes into view.
You see here 8 gold pieces.
Casting: Scorch (safe; 2% risk of failure)
Confirm with . or Enter, or press ? or * to list all spells.
You feel a surge of power!
Flames lash the centaur.
The centaur shouts!
The centaur is heavily wounded.
The centaur's fire resistance burns away.
The centaur wields a +0 shortbow.
The centaur shoots an arrow.
The arrow hits you.
A dart slug comes into view.
The centaur shoots an arrow.
The arrow closely misses you.
Unknown command.
Casting: Scorch (safe; 2% risk of failure)
Confirm with . or Enter, or press ? or * to list all spells.
You feel a surge of power!
Flames lash the centaur.
The centaur is burned terribly!
The centaur is severely wounded.
The centaur shoots an arrow.
The arrow hits you.
The centaur shoots an arrow.
The arrow completely misses you. The dart slug launches a dart at you.
The slug dart misses you.
The centaur shoots an arrow.
The arrow hits you!
Casting: Scorch (safe; 2% risk of failure)
Confirm with . or Enter, or press ? or * to list all spells.
You feel a surge of power!
Flames lash the centaur.
The centaur is burned terribly!
The centaur is almost dead.
The centaur shoots an arrow.
The arrow hits you.
* * * LOW HITPOINT WARNING * * *
The dart slug launches a dart at you. The slug dart hits you.
* * * LOW HITPOINT WARNING * * *
Casting: Scorch (safe; 2% risk of failure)
Confirm with . or Enter, or press ? or * to list all spells.
You feel a surge of power!
Flames lash the dart slug.
You kill the dart slug!
The centaur shoots an arrow.
The arrow hits you!
You die...

....##########..##....
.............∩.....#
....###)#####...##.# #
#.# ##..# #.# #..# #.#
#.$# #.# #..#
########.# #..#
.........# #.@#
.######### #..# .#
#.c† .# #.### ## ..
###### ### ......
######


You could see a centaur (combustible).

Vanquished Creatures
  A hound (D:3)
  Jessica (D:2)
  Terence (D:2)
  2 orc wizards (D:3)
  3 gnolls (D:2)
  4 adders
  6 dart slugs
  A worm (D:3)
  An orc (D:3)
  5 ball pythons
  3 bat zombies (D:3)
  4 endoplasms (D:1)
  5 goblins (D:1)
  7 hobgoblins
  A quokka (D:1)
  7 bats
  2 frilled lizards
  4 kobolds
  6 rats
  A rat zombie (D:3)
65 creatures vanquished.

Vanquished Creatures (others)
  130 foxfires
130 creatures vanquished.

Grand Total: 195 creatures vanquished

Notes
Turn   | Place    | Note
-------+----------+-------------------------------------------
     0 | D:1      | Ijustatesigmund the Deep Elf Fire Elementalist began the
                  | quest for the Orb.
     0 | D:1      | Reached XP level 1. HP: 10/10 MP: 6/6
   155 | D:1      | Reached XP level 2. HP: 16/16 MP: 4/8
   162 | D:1      | Learned a level 2 spell: Scorch
   805 | D:1      | Reached XP level 3. HP: 11/20 MP: 2/10
  1224 | D:2      | Noticed Terence
  1227 | D:2      | Killed Terence
  1228 | D:2      | Reached skill level 1 in Fighting
  1231 | D:2      | Noticed Jessica
  1416 | D:2      | Killed Jessica
  1417 | D:2      | Reached skill level 1 in Staves
  1417 | D:2      | Reached XP level 4. HP: 25/25 MP: 7/11
  2223 | D:2      | Reached XP level 5. HP: 20/29 MP: 6/13
  2493 | D:3      | Learned a level 4 spell: Flame Wave
  2812 | D:3      | Found Kaust's General Store.
  2958 | D:3      | Found an ancient bone altar of Kikubaaqudgha.
  3120 | D:3      | Found Nemo's Weapon Boutique.
  3162 | D:3      | Identified the +3 ring mail of the Pits of Slime {Regen+
                  | rCorr Str+4}
  3189 | D:3      | Found Lasakoo's General Store.
  3201 | D:3      | Bought a scroll of fear for 48 gold pieces
  3489 | D:3      | Found Sinnecoi's Jewellery Emporium.
  3553 | D:3      | Noticed a centaur
  3563 | D:3      | Shot with an arrow by a centaur

Illustrated notes

Levels and vault maps discovered:
D:1:      eino_arrival_druids_welcome, layout_loops_ring
D:2:      layout_loops_ring, uniq_jessica, uniq_terence
D:3:      layout_loops_ring, lemuel_zombie_altar_kikubaaqudgha, serial_shops,
          shop, shop, nicolae_shop_trees, nicolae_shop_getting_attention,
          shop_fountains

Skill      XL: |  1  2  3  4  5 |
---------------+----------------+-----
Fighting       | 1 |  1.6
Conjurations   | 2 3 |  3.1
Staves         | 1 |  1.6
Spellcasting   | 4 |  4.7
Fire Magic     | 4 |  4.5
Dodging        | 3 |  3.0
Stealth        | |  2.4

Action                     |  1- 3 |  4- 6 || total
---------------------------+-------+-------++-------
  Melee: Staff             |       |     5 ||     5
   Cast: Foxfire           |    48 |    41 ||    89
         Scorch            |     8 |    32 ||    40
    Use: Scroll            |     1 |     4 ||     5
 Armour: Robe              |     6 |    44 ||    50
  Dodge: Dodged            |     3 |    37 ||    40

Table legend: (Time is in decaauts)
 A = Elapsed time spent in this place.
 B = Non-inter-level travel time spent in this place.
 C = Inter-level travel time spent in this place.
 D = Time resting spent in this place.
 E = Time spent auto-exploring this place.
 F = Levels seen in this place.
 G = Mean time per level.
                   A        B        C        D        E       F      G
               +--------+--------+--------+--------+--------+-----+--------+
         Total |   3564 |   3527 |     37 |    860 |   2213 |   3 | 1188.0 |
       Dungeon |   3564 |   3527 |     37 |    860 |   2213 |   3 | 1188.0 |
               +--------+--------+--------+--------+--------+-----+--------+

Top non-repeatable levels by time:
     D:1: 1408 daAuts
     D:3: 1101 daAuts
     D:2: 1054 daAuts
